 Dungeon Crawl Stone Soup version 0.18-a0-801-gb01a236 (webtiles) character file.

150311 cluie the Destroyer (level 16, -3/127 HPs)
             Began as a Demonspawn Air Elementalist on Dec 14, 2015.
             Was an Initiate of Gozag.
             Shot with an arrow by a deep elf master archer (27 damage)
             ... on level 3 of the Elven Halls.
             The game lasted 02:08:12 (27569 turns).

cluie the Destroyer (Demonspawn Air Elementalist)  Turns: 27569, Time: 02:08:13

Health: -3/127     AC: 14    Str: 19    XL:     16   Next: 98%
Magic:  18/23      EV: 19    Int: 30    God:    Gozag
Gold:   1834       SH:  0    Dex: 18    Spells: 8 memorised, 6 levels left

rFire  . . .     SeeInvis +     K - +10 great mace of Integrity {freeze, Str+4 Int+8}
rCold  + . .     Clarity  .     Y - +2 robe {Archmagi}
rNeg   . . .     SustAt   .     (shield currently unavailable)
rPois  +         Gourm    .     (helmet unavailable)
rElec  +         Spirit   .     U - +2 cloak {rPois}
rCorr  .         Dismiss  .     V - +1 pair of gloves {Str+3}
rMut   .         Stasis   .     j - +0 pair of boots of Beauty {MR++}
MR     +++..                    r - amulet "Orakhab" {Regen+ MP-9 Str+4 Slay+4}
Stlth  ++........               S - ring of poison resistance
                                G - ring of protection from cold

@: heavily drained, extremely resistant to hostile enchantments, unstealthy
A: antennae 3, thin metallic scales 3, agile 1, demonic guardian 1, powered by
death 3
a: Potion Petition, Call Merchant, Bribe Branch, Renounce Religion


You were on level 3 of the Elven Halls.
You worshipped Gozag.
Gozag was noncommittal.
You were not hungry.

You visited 4 branches of the dungeon, and saw 24 of its levels.
You also visited: Labyrinth and Ice Cave.

You collected 10096 gold pieces.
You spent 1671 gold pieces at shops.
You paid 6591 gold pieces to Gozag.

Inventory:

Hand Weapons
 K - the +10 great mace of Integrity (weapon) {freeze, Str+4 Int+8}
   (You bought it in a shop on level 1 of the Orcish Mines)

   It has been specially enchanted to freeze those struck by it, causing extra
   injury to most foes and up to half again as much damage against particularly
   susceptible opponents.
   It can also slow down cold-blooded creatures.
   It affects your strength (+4).
   It affects your intelligence (+8).
Missiles
 k - 3 throwing nets (quivered)
Armour
 j - the +0 pair of boots of Beauty (worn) {MR++}
   (You found it on level 8 of the Lair of Beasts)

   It affects your resistance to hostile enchantments.
 I - a +2 pair of boots of stealth
 O - a +0 buckler of positive energy
 U - a +2 cloak of poison resistance (worn)
 V - a +1 pair of gloves of strength (worn)
 Y - a +2 robe of the Archmagi (worn)
Magical Staves
 s - an uncursed staff of wizardry
Jewellery
 r - the amulet "Orakhab" (around neck) {Regen+ MP-9 Str+4 Slay+4}
   (You found it in a labyrinth)

   [amulet of regeneration]

   It affects your strength (+4).
   It affects your accuracy and damage with ranged weapons and melee attacks
   (+4).
   It affects your magic capacity (-9).
   It increases your rate of regeneration.
 y - an uncursed ring of fire
 G - a ring of protection from cold (left hand)
 L - a +4 amulet of reflection
 M - a +5 ring of protection
 Q - an uncursed amulet of resist corrosion
 R - an uncursed amulet of guardian spirit
 S - a ring of poison resistance (right hand)
Wands
 b - a wand of teleportation (0)
 u - a wand of digging (18)
 X - a wand of fire (1)
Scrolls
 a - 2 scrolls of blinking
 d - 9 scrolls of teleportation
 f - 8 scrolls of remove curse
 n - 3 scrolls of amnesia
 z - 5 scrolls of recharging
 E - a scroll of enchant armour
 F - 6 scrolls of fog
 N - 2 scrolls of magic mapping
 W - 6 scrolls of identify
 Z - 4 scrolls of enchant weapon
Potions
 e - 3 potions of agility
 g - 3 potions of brilliance
 l - a potion of haste
 m - 4 potions of invisibility
 o - 3 potions of flight
 p - 3 potions of might
 q - 4 potions of lignification
 t - 5 potions of ambrosia
 v - 2 potions of cure mutation {!q}
 w - 2 potions of heal wounds
 A - 2 potions of cancellation
 B - 3 potions of magic
 D - 2 potions of curing
 H - a potion of berserk rage
 T - 2 potions of resistance
Books
 P - a book of the Sky

   Spells                             Type                      Level
   a - Summon Lightning Spire         Summoning/Air                4
   b - Airstrike                      Air                          4
   c - Silence                        Hexes/Air                    5
   d - Deflect Missiles               Charms/Air                   6
   e - Conjure Ball Lightning         Conjuration/Air              6
   f - Tornado                        Air                          9
Miscellaneous
 J - a crystal ball of energy
Comestibles
 c - 3 bread rations
 h - 26 fruits
 i - 3 meat rations
 x - 20 royal jellies
 C - 5 slices of pizza


   Skills:
 + Level 12.2(9.8) Fighting
 + Level 10.7(8.4) Maces & Flails
 + Level 11.3(8.9) Dodging
 - Level 1.7(0.0) Stealth
 - Level 5.2(3.2) Shields
 + Level 12.2(9.8) Spellcasting
 + Level 12.9(10.4) Conjurations
 - Level 3.2(1.3) Ice Magic
 + Level 12.1(9.7) Air Magic
 - Level 3.4(1.5) Poison Magic


You had 6 spell levels left.
You knew the following spells:

 Your Spells              Type           Power        Failure   Level  Hunger
a - Shock                 Conj/Air       ####         1%          1    None
b - Repel Missiles        Chrm/Air       ######       1%          2    None
c - Static Discharge      Conj/Air       #######.     1%          3    None
d - Lightning Bolt        Conj/Air       #######...   1%          5    ###....
e - Airstrike             Air            #######...   1%          4    None
f - Conjure Ball Lightni  Conj/Air       #######...   10%         6    #####..
g - Freezing Cloud        Conj/Ice/Air   ######....   30%         6    #####..
h - Poisonous Cloud       Conj/Pois/Air  ######....   30%         6    #####..


Dungeon Overview and Level Annotations

Branches:
Dungeon (11/15)            Temple (0/1) D:6            Lair (8/8) D:10
 Shoals (0/4) Lair:3       Spider (0/4) Lair:4        Slime (0/6) Lair:8
    Orc (2/2) D:10            Elf (3/3) Orc:2

Altars:
Cheibriados
Fedhas
Gozag
Kikubaaqudgha
Makhleb
Nemelex Xobeh
Okawaru
Pakellas
Qazlal
Ru
Sif Muna
Trog
Vehumet
Xom
Yredelemnul
Beogh
Jiyva

Shops:
D:7 [   D:8 :   D:10 *}   Orc:1 (   Orc:2 ::[(   Elf:1 }?   Lair:3 [   Lair:7 [
Lair:8 [

Annotations:
Elf:2 5 runed doors


Innate Abilities, Weirdness & Mutations

You have a pair of large antennae on your head (SInv).
You are completely covered in thin metallic scales (AC +4, rElec).
A weak demonic guardian rushes to your aid.
You regenerate a lot of health from kills.
You are agile. (Dex +2)


Message History

The deep elf master archer shoots an arrow.
The arrow hits you!
Unknown command.
Casting: Repel Missiles
Confirm with . or Enter, or press ? or * to list all spells.
Aiming: Lightning Bolt
Press: ? - help, Shift-Dir - straight line You feel a surge of power!
You hear a mighty clap of thunder!
The bolt of lightning hits the deep elf master archer.
The deep elf master archer is almost dead.
The bolt of lightning misses the deep elf master archer.
You hear a shout! x4
The deep elf master archer shoots an arrow.
The arrow hits you!!
* * * LOW HITPOINT WARNING * * *
The deep elf master archer shoots an arrow.
The arrow hits you!!
You die...
Your body crumbles into a pile of gold.

##...../..##. ##()..........
.....# ##.##...)......
........### ##.#####..###.#.
./.......#.# #.#####..#####.#
#........##.##......[........
#.......# #.######.#########
#.......####e####.## #
#.......##@#.##(## ##
#......)#####.)## ##.
##....(.).[[))e.##########..
#.........)##))...).........
#...$..e.[.######)########..
#...........# ### ##.
........$...## ##
......$.....# .....⌠.....##


You could see a deep elf master archer.

Vanquished Creatures
  Rupert (Lair:5)
  An Ice Fiend (IceCv)
  A deep elf blademaster (Elf:3)
  A deep elf master archer (Elf:3)
  Kirke (Lair:6)
  4 deep elf sorcerers (Elf:3)
  An orc warlord (Orc:2)
  Nessos (Lair:7)
  2 deep elf demonologists (Elf:3)
  A deep elf annihilator (Elf:3)
  An ettin (Orc:2)
  4 deep elf death magi
  A minotaur (Lab)
  2 deep elf high priests (Elf:3)
  6 hydras
  A catoblepas (Lair:7)
  Erica (D:9)
  Erolcha (D:8)
  12 death yaks
  5 orc high priests
  5 deep elf knights
  An unseen horror (D:7)
  The ghost of George the Basher, a novice GrFi of Pakellas (D:9)
  2 hill giants (D:10)
  A lindwurm (Lair:8)
  11 deep elf archers
  5 orc knights
  Pikel (D:6)
  An oklob plant (Lair:3)
  5 orc sorcerers
  A manticore (Lair:5)
  3 griffons
  A cyclops (Orc:1)
  8 ugly things (Elf:1)
  45 deep elf magi
  14 elephants (Lair:8)
  Maurice (Orc:2)
  3 ice statues (IceCv)
  6 black mambas
  A gargoyle (Lab)
  2 torpor snails
  Psyche (D:10)
  13 spiny frogs
  4 fire drakes (Lair:5)
  2 anaconda simulacra (IceCv)
  7 komodo dragons
  6 trolls
  16 blink frogs
  11 ice devils (IceCv)
  A two-headed ogre (Orc:2)
  9 polar bears
  A merfolk (Lair:3)
  A golden dragon simulacrum (IceCv)
  6 jumping spiders (Lair:4)
  A queen bee (Lair:5)
  A raiju (Lair:8)
  Grinder (D:4)
  A minotaur skeleton (Lab)
  A giant leech (Lair:8)
  2 boulder beetles (Lair:8)
  40 yaks
  5 air elementals
  5 large abominations (Elf:1)
  4 redbacks (Lair:4)
  2 water elementals
  A dire elephant simulacrum (IceCv)
  Sigmund (D:4)
  A fire elemental (Elf:3)
  12 wyverns
  Grum (D:8)
  A wyvern (shapeshifter) (Elf:1)
  8 basilisks
  6 hogs (Lair:6)
  4 hungry ghosts (Lab)
  2 soldier ants
  9 hippogriffs
  3 harpy simulacra (IceCv)
  10 wargs
  5 hell hounds
  13 porcupines
  16 wolves
  2 hydra simulacra (IceCv)
  4 sky beasts
  3 slaves (D:6)
  A phantom (D:8)
  14 water moccasins
  An ice beast (D:10)
  10 black bears (Lair:8)
  17 ogres
  2 necrophages
  3 centaurs
  An ettin simulacrum (IceCv)
  44 orc warriors
  15 crocodiles
  4 big kobolds
  2 elf zombies (Elf:1)
  17 giant frogs
  A wyvern zombie (D:10)
  2 earth elementals
  4 scorpions
  3 troll skeletons (Lab)
  28 killer bees
  2 vampire bats (D:3)
  An electric eel (D:7)
  5 wights (D:11)
  5 giant frog zombies
  2 jellies
  A quasit (D:9)
  Crazy Yiuf (D:2)
  2 crimson imps
  16 hounds
  25 orc priests
  2 centaur skeletons (D:10)
  4 iguanas
  23 orc wizards
  4 giant frog skeletons
  7 worker ants
  27 sheep
  An ogre skeleton (Lab)
  A hound zombie (D:8)
  A worker ant zombie (D:10)
  A hound skeleton (D:5)
  10 adders
  5 gnolls
  75 river rats
  3 shadow imps
  2 adder skeletons
  4 worms
  2 giant geckos
  118 orcs
  3 bats
  4 bat skeletons (D:3)
  2 bat zombies (D:3)
  8 hobgoblins
  12 jackals
  2 quokkas
  7 giant cockroaches
  A giant gecko zombie (D:5)
  A giant newt (D:1)
  6 goblins
  10 kobolds
  A quokka skeleton (D:4)
  6 rats
  4 fungi
995 creatures vanquished.

Vanquished Creatures (collateral kills)
  A hydra (Lair:3)
  A deep elf mage (Elf:1)
  A spiny frog (Lair:2)
  An ice devil (IceCv)
  A komodo dragon (Lair:2)
  A blink frog (Lair:6)
  3 yaks
  A basilisk (Lair:8)
  2 wolves
  A water moccasin (D:10)
  A hell hound (Lair:8)
  2 black bears (Lair:8)
  A crocodile (Lair:7)
  A giant frog (Lair:3)
  A hound (Lair:8)
  A crimson imp (D:9)
  2 orc wizards
  A giant frog skeleton (D:5)
  A worker ant (D:9)
  An adder (D:5)
  A river rat (Lair:1)
  7 orcs
  A jackal (D:6)
  A kobold (D:10)
35 creatures vanquished.

Vanquished Creatures (others)
  A deep elf elementalist (Elf:3)
  2 deep elf annihilators (Elf:3)
  10 dancing weapons
  53 ball lightnings
  An orc sorcerer (Orc:2)
  A deep elf archer (Elf:3)
  A deep elf mage (Elf:1)
  An orc wizard (D:3)
  An orc (Orc:2)
  21 fungi
  20 plants
112 creatures vanquished.

Grand Total: 1142 creatures vanquished

Notes
Turn   | Place    | Note
--------------------------------------------------------------
     0 | D:1      | cluie the Demonspawn Air Elementalist began the quest for the Orb.
     0 | D:1      | Reached XP level 1. HP: 13/13 MP: 3/3
   281 | D:1      | Gained mutation: You regenerate a little health from kills. [demonic ancestry]
   281 | D:1      | Reached XP level 2. HP: 17/19 MP: 1/5
   282 | D:1      | cool
   282 | D:1      | pbsd
   282 | D:1      | pbd* lel
   359 | D:1      | Learned a level 2 spell: Repel Missiles
   813 | D:1      | Gained mutation: You regenerate health from kills. [demonic ancestry]
   813 | D:1      | Reached XP level 3. HP: 18/24 MP: 1/6
  1192 | D:2      | Learned a level 3 spell: Static Discharge
  1307 | D:2      | Reached skill level 3 in Air Magic
  1487 | D:2      | Noticed Crazy Yiuf
  1676 | D:2      | Gained mutation: You regenerate a lot of health from kills. [demonic ancestry]
  1676 | D:2      | Reached XP level 4. HP: 22/30 MP: 0/7
  1935 | D:2      | are you shitting me
  2033 | D:3      | Found an ancient bone altar of Kikubaaqudgha.
  2159 | D:3      | Gained mutation: You are partially covered in thin metallic scales (AC +2). [demonic ancestry]
  2159 | D:3      | Reached XP level 5. HP: 35/35 MP: 3/9
  2641 | D:3      | ok
  2788 | D:3      | Found a sacrificial altar of Ru.
  2865 | D:3      | Gained mutation: You have a pair of small antennae on your head. [demonic ancestry]
  2865 | D:3      | Reached XP level 6. HP: 25/41 MP: 3/10
  3024 | D:4      | Found a stormy altar of Qazlal.
  3897 | D:2      | Killed Crazy Yiuf
  3897 | D:2      | Reached skill level 1 in Fighting
  3897 | D:2      | Reached skill level 4 in Conjurations
  3987 | D:4      | Found a blossoming altar of Fedhas.
  4042 | D:4      | Reached XP level 7. HP: 46/49 MP: 4/12
  4067 | D:4      | Found an opulent altar of Gozag.
  4198 | D:4      | Noticed Sigmund
  4213 | D:4      | Killed Sigmund
  4323 | D:4      | Found a shimmering altar of Xom.
  4380 | D:4      | Noticed Grinder
  4419 | D:4      | Killed Grinder
  4492 | D:4      | Learned a level 5 spell: Lightning Bolt
  4552 | D:4      | Got a dull robe
  4563 | D:4      | Identified the +2 robe of Tinihuz {Dex+4 Stlth+} (You found it on level 4 of the Dungeon)
  4708 | D:5      | Entered Level 5 of the Dungeon
  4866 | D:5      | Gained mutation: A weak demonic guardian rushes to your aid. [demonic ancestry]
  4866 | D:5      | Reached XP level 8. HP: 32/58 MP: 8/14
  5004 | D:5      | Reached skill level 5 in Conjurations
  5350 | D:6      | Found a sparkling altar of Nemelex Xobeh.
  5404 | D:4      | Became a worshipper of Gozag Ym Sagoz the Greedy
  5458 | D:6      | Reached skill level 5 in Air Magic
  5676 | D:6      | Noticed Pikel
  5684 | D:6      | Killed Pikel
  5684 | D:6      | Reached skill level 5 in Dodging
  5684 | D:6      | Reached skill level 5 in Spellcasting
  5778 | D:6      | Found an oddly glowing altar of Pakellas.
  5778 | D:6      | Found a sparkling altar of Nemelex Xobeh.
  5927 | D:6      | Found a staircase to the Ecumenical Temple.
  6185 | D:7      | Found a deep blue altar of Sif Muna.
  6195 | D:7      | Found Xeam's Armour Emporium.
  6213 | D:7      | Killed an unseen horror
  6213 | D:7      | Reached skill level 6 in Conjurations
  6213 | D:7      | Gained mutation: You have a pair of antennae on your head. [demonic ancestry]
  6213 | D:7      | Reached XP level 9. HP: 29/67 MP: 1/17
  6311 | D:7      | Reached skill level 5 in Fighting
  6399 | D:7      | Found a basalt altar of Yredelemnul.
  6439 | D:7      | Found a burning altar of Makhleb.
  6460 | D:7      | Found a radiant altar of Vehumet.
  7172 | D:8      | Noticed Grum
  7196 | D:8      | Killed Grum
  7217 | D:8      | Reached XP level 10. HP: 76/76 MP: 6/19
  7565 | D:8      | Reached skill level 7 in Conjurations
  7605 | D:8      | Noticed a three-headed hydra
  7610 | D:8      | Killed a three-headed hydra
  7801 | D:8      | Noticed Erolcha
  7811 | D:8      | Killed Erolcha
  7886 | D:8      | Found a radiant altar of Vehumet.
  7911 | D:8      | oh nice
  7916 | D:8      | Learned a level 4 spell: Airstrike
  8690 | D:9      | Found a snail-covered altar of Cheibriados.
  8827 | D:9      | Found a sacrificial altar of Ru.
  9052 | D:9      | Noticed George's ghost (novice GrFi)
  9066 | D:9      | Killed George's ghost
  9066 | D:9      | Reached skill level 8 in Conjurations
  9077 | D:9      | Noticed Erica
  9108 | D:9      | Found an iron altar of Okawaru.
  9300 | D:9      | Reached XP level 11. HP: 79/83 MP: 15/22
  9319 | D:9      | Killed Erica
  9320 | D:9      | Found a bloodstained altar of Trog.
  9451 | D:10     | Entered Level 10 of the Dungeon
  9550 | D:10     | Noticed Psyche
  9571 | D:10     | Killed Psyche
  9571 | D:10     | Reached skill level 1 in Shields
  9684 | D:10     | Found a staircase to the Lair.
  9693 | D:10     | Found Cuskek's Gadget Shoppe.
  9770 | D:10     | Noticed a hill giant
  9796 | D:10     | Killed a hill giant
 10064 | D:10     | Found a roughly hewn altar of Beogh.
 10064 | D:10     | Found a staircase to the Orcish Mines.
 10064 | D:10     | Noticed a hill giant
 10065 | D:10     | uhhhh
 10065 | D:10     | where did that orc knight come from
 10092 | D:10     | Killed a hill giant
 11054 | D:11     | Noticed a four-headed hydra
 11060 | D:11     | Killed a one-headed hydra
 11060 | D:11     | Reached skill level 5 in Shields
 11128 | D:10     | Bought a glowing cloak for 130 gold pieces
 11128 | D:10     | Bought a pair of embroidered gloves for 130 gold pieces
 11150 | D:10     | Bought a fuming cyan potion for 26 gold pieces
 11150 | D:10     | Bought a golden potion for 26 gold pieces
 11150 | D:10     | Gained mutation: You have large cloven feet. [potion of mutation]
 11150 | D:10     | Gained mutation: You are agile. (Dex +2) [potion of mutation]
 11150 | D:10     | Gained mutation: You have a pair of large antennae on your head (SInv). [potion of mutation]
 11206 | Lair:1   | Entered Level 1 of the Lair of Beasts
 11217 | Lair:1   | Reached skill level 9 in Conjurations
 11270 | Lair:1   | Reached XP level 12. HP: 77/91 MP: 19/24
 13581 | Lair:3   | Noticed a five-headed hydra
 13591 | Lair:3   | Killed a one-headed hydra
 13626 | Lair:3   | Reached skill level 10 in Conjurations
 13648 | Lair:3   | Bought an embroidered robe for 14 gold pieces
 13648 | Lair:3   | Bought a runed robe for 14 gold pieces
 13930 | Lair:3   | Found a staircase to the Shoals.
 14232 | Lair:4   | Gained mutation: You are mostly covered in thin metallic scales (AC +3). [demonic ancestry]
 14232 | Lair:4   | Reached XP level 13. HP: 53/100 MP: 14/26
 14358 | Lair:4   | Found a hole to the Spider Nest.
 15174 | Lair:5   | Noticed Rupert
 15230 | Lair:5   | Killed Rupert
 15442 | Lair:5   | Reached skill level 10 in Fighting
 15794 | Lair:5   | Reached skill level 10 in Spellcasting
 15920 | Lair:5   | Reached skill level 10 in Air Magic
 16270 | Lair:5   | Learned a level 6 spell: Conjure Ball Lightning
 16297 | Lair:6   | Found a labyrinth entrance.
 16304 | Lab      | Entered a labyrinth
 16665 | Lab      | Got a smoking plate armour
 16666 | Lab      | Identified the +7 plate armour of the Oligarchy {rElec rC+++ Int-3} (You took it off a minotaur in a labyrinth)
 16685 | Lab      | Got a flickering garnet amulet
 16687 | Lab      | Identified the amulet "Orakhab" {Regen+ MP-9 Str+4 Slay+4} (You found it in a labyrinth)
 16798 | Lair:6   | Reached skill level 11 in Conjurations
 16814 | Lair:5   | You fall through a shaft!
 17165 | Lair:6   | Noticed Kirke
 17302 | Lair:7   | Reached XP level 14. HP: 96/111 MP: 19/28
 17794 | Lair:7   | Reached skill level 10 in Dodging
 17996 | Lair:7   | Noticed Nessos
 18020 | Lair:7   | Killed Nessos
 18126 | Lair:8   | Entered Level 8 of the Lair of Beasts
 18546 | Lair:8   | Found a viscous altar of Jiyva.
 18547 | Lair:8   | Found a staircase to the Slime Pits.
 19552 | Lair:8   | Got a pair of encrusted boots
 19558 | Lair:8   | Identified the +0 pair of boots of Beauty {MR++} (You found it on level 8 of the Lair of Beasts)
 19760 | Lair:8   | Reached skill level 12 in Conjurations
 20086 | Lair:8   | Got a flickering steel amulet
 20087 | Lair:8   | Identified the amulet "Pyvvosk" {Inacc +Blink Str+2 Int+4 Stlth-} (You found it on level 8 of the Lair of Beasts)
 20200 | Lair:7   | Gained mutation: You are completely covered in thin metallic scales (AC +4, rElec). [demonic ancestry]
 20200 | Lair:7   | Reached XP level 15. HP: 57/120 MP: 3/30
 20457 | Lair:6   | Killed Kirke
 20998 | Lair:3   | Bought a pair of runed boots for 94 gold pieces
 20998 | Lair:3   | Bought a runed buckler for 94 gold pieces
 21209 | Orc:1    | Entered Level 1 of the Orcish Mines
 21248 | Orc:1    | Found an iron altar of Okawaru.
 21530 | Orc:1    | Bought a crude great mace for 276 gold pieces
 21530 | Orc:1    | Identified the +10 great mace of Integrity {freeze, Str+4 Int+8} (You bought it in a shop on level 1 of the Orcish Mines)
 21550 | Orc:2    | Entered Level 2 of the Orcish Mines
 21693 | Orc:2    | Reached skill level 1 in Maces & Flails
 21942 | Orc:2    | Noticed Maurice
 21947 | Orc:2    | Killed Maurice
 22078 | Orc:2    | Found Tegh's Book Shoppe.
 22144 | Orc:2    | Found a roughly hewn altar of Beogh.
 22233 | Orc:2    | Found Kuinu's Book Boutique.
 22396 | Orc:2    | Reached skill level 5 in Maces & Flails
 22478 | Orc:2    | Lost mutation: You have large cloven feet. [potion of mutation]
 22478 | Orc:2    | Gained mutation: You are frail (-10% HP). [potion of mutation]
 22478 | Orc:2    | Lost mutation: You are frail (-10% HP). [potion of mutation]
 22626 | Orc:2    | Found a roughly hewn altar of Beogh.
 22740 | Orc:2    | Found Otuady's Weapon Boutique.
 22754 | Orc:2    | Found Efogirr's Armour Shop.
 22964 | Orc:2    | Identified the Collected Works on Summoning (You found it on level 2 of the Orcish Mines)
 23033 | Orc:2    | Found a staircase to the Elven Halls.
 23251 | Elf:1    | Entered Level 1 of the Elven Halls
 23396 | Elf:1    | Found Tolop's Quality Used Wands.
 23404 | Elf:1    | Bought a wand of teleportation (0) for 192 gold pieces
 23521 | Elf:1    | Paralysed by an orc sorcerer for 7 turns
 23623 | Elf:1    | Found a frozen archway.
 23714 | IceCv    | Entered an ice cave
 24033 | IceCv    | Noticed an Ice Fiend
 24054 | IceCv    | Killed an Ice Fiend
 24211 | IceCv    | Reached skill level 10 in Maces & Flails
 24404 | Elf:1    | Reached XP level 16. HP: 104/127 MP: 22/31
 24622 | Elf:1    | Identified the Catalogue of Necromancy (You found it on level 1 of the Elven Halls)
 24659 | Elf:1    | Found Uricuvab's Magic Scroll Boutique.
 25262 | D:8      | Bought a book of Clouds for 675 gold pieces
 25271 | D:8      | Learned a level 6 spell: Freezing Cloud
 25278 | D:8      | Learned a level 6 spell: Poisonous Cloud
 25523 | Elf:2    | Reached skill level 1 in Poison Magic
 25549 | Elf:2    | Reached skill level 1 in Ice Magic
 25804 | Elf:2    | Found a deep blue altar of Sif Muna.
 26123 | Elf:2    | Found a huge runed gate.
 26123 | Elf:2    | Found a huge runed gate.
 26123 | Elf:2    | Found a huge runed gate.
 26123 | Elf:2    | Found a huge runed gate.
 26123 | Elf:2    | Found a huge runed gate.
 26645 | Elf:3    | Entered Level 3 of the Elven Halls
 26906 | Elf:3    | Noticed a deep elf blademaster
 26908 | Elf:3    | Noticed a Hell Sentinel
 26908 | Elf:3    | Noticed an Ice Fiend
 26910 | Elf:3    | Noticed a Hell Sentinel
 26923 | Elf:3    | Killed a deep elf master archer
 27032 | Elf:3    | Noticed a Brimstone Fiend
 27035 | Elf:3    | Killed a deep elf blademaster
 27174 | Elf:3    | HP: 4/127 [burnt (3)]
 27541 | Elf:3    | Noticed a deep elf master archer
 27569 | Elf:3    | Shot with an arrow by a deep elf master archer

Vault maps used:
D:1:      lightli_molten_gateway
D:2:      glass_columns_a, uniq_crazy_yiuf_cottage
D:3:      lemuel_doored_altar, kennysheep_vampire_church, first_bread
D:4:      grunt_temple_overflow_forces_of_nature,
          nicolae_gozag_cash_rules_everything_around_me, tgw_xom, uniq_grinder,
          uniq_sigmund
D:5:      kennysheep_crisscross
D:6:      amethyst_overflow_temple_binary, temple_hall,
          nemelex_xobeh_ov_fountains_minmay, uniq_pikel
D:7:      grunt_temple_overflow_lords_of_destruction, led_sif_pool,
          overflow_temple_1_default, serial_shops, shop, nicolae_water_bricks
D:8:      serial_glass, glass_columns_c, glass_columns_c, glass_columns_c,
          glass_columns_b, basic_altar, hangedman_ranch, uniq_erolcha, uniq_grum
D:9:      grunt_temple_overflow_bloody_war, lemuel_crystal_altar,
          nicolae_ru_the_path_less_chosen, uniq_erica
D:10:     lair_0_dummy, david_orc_5, serial_shops, nicolae_shop_statue_plus,
          uniq_psyche
Lair:1:   lemuel_fruit_fields, infiniplex_staircase_pool, grunt_megastairs_5
Lair:2:   lemuel_fruit_fields
Lair:3:   elwin_shoals_entry_rooms, lemuel_fruit_tree
Lair:4:   nicolae_spider_entry_tight_spaces
Lair:5:   special_room, uniq_rupert
Lair:6:   lab_entry_generic, lookout_lair_type, patterned_corridor,
          grunt_megastairs_4, uniq_kirke
Lair:7:   uniq_nessos
Lair:8:   hangedman_lair_in_review, hangedman_lair_caniforms_friends,
          dpeg_slime_entry_enclosed_altar, st_stairs_13
Orc:1:    okawaru_metal_pillars_1_2
Orc:2:    pubby_orc_utopia, uniq_maurice
Elf:1:    eino_elf_arrival_customs, portal_ice_cave_entry_ugly_swarm,
          serial_shops, nicolae_shop_behind_doors, minmay_elf_necromancy,
          library_closet, serial_sigils_hangedman_scar, grunt_ministairs_12,
          nicolae_for_you_no_charge
Elf:2:    basic_altar
Elf:3:    minmay_elf_hall_quartered_circle
Lab:      labyrinth_spiral, nicolae_lab_grate, lab_block, nicolae_lab_hexagon,
          nicolae_lab_t_cross, nicolae_lab_arrow, nicolae_lab_blocks,
          labyrinth_glass_1, lab_hedge
IceCv:    ice_cave_tombish

Action                   |  1- 3 |  4- 6 |  7- 9 | 10-12 | 13-15 | 16-18 || total
-------------------------+-------+-------+-------+-------+-------+-------++-------
Melee: Short sword       |    21 |       |       |       |       |       ||    21
       Unarmed           |    22 |       |       |       |       |       ||    22
       Dagger            |    44 |   109 |       |       |       |       ||   153
       Whip              |       |    46 |   253 |   223 |       |       ||   522
       Staff             |       |    68 |       |       |       |       ||    68
       Quarterstaff      |       |     7 |    15 |       |       |       ||    22
       Scimitar          |       |       |       |   729 |  1038 |       ||  1767
       Great mace        |       |       |       |       |   459 |   271 ||   730
 Cast: Shock             |    37 |    40 |    20 |    15 |    11 |       ||   123
       Repel Missiles    |     1 |     2 |     1 |       |     1 |     4 ||     9
       Static Discharge  |       |    15 |    36 |   104 |   145 |       ||   300
       Lightning Bolt    |       |       |     1 |    22 |    45 |     6 ||    74
       Airstrike         |       |       |       |    11 |     2 |     7 ||    20
       Conjure Ball Ligh |       |       |       |       |    16 |     8 ||    24
       Poisonous Cloud   |       |       |       |       |       |     7 ||     7
       Freezing Cloud    |       |       |       |       |       |     1 ||     1
Invok: Call Merchant     |       |       |       |     3 |     3 |       ||     6
Evoke: Wand              |       |       |       |     2 |    10 |     2 ||    14
  Use: Scroll            |     7 |     4 |    11 |     5 |    10 |     8 ||    45
       Potion            |       |       |       |     3 |     3 |     2 ||     8
 Stab: Sleeping          |     4 |     1 |     6 |     7 |    15 |     3 ||    36
       Distracted        |       |     1 |     3 |     8 |    36 |     6 ||    54
       Invisible         |       |       |     1 |       |       |       ||     1
  Eat: Chunk             |     2 |    10 |     9 |       |       |       ||    21
       Fruit             |     1 |       |       |     3 |    11 |       ||    15
       Beef jerky        |       |       |     1 |     1 |       |     1 ||     3
       Royal jelly       |       |       |     1 |       |     4 |     4 ||     9
       Pizza             |       |       |       |     4 |       |       ||     4
       Bread ration      |       |       |       |     2 |     5 |       ||     7
       Meat ration       |       |       |       |     3 |     2 |     1 ||     6
